 Dungeon Crawl Stone Soup version 0.28.0 (webtiles) character file.

Game seed: 13806063365594122384

330677 hatsuma the Devastator (level 20, -12/180 HPs)
             Began as a Pale Draconian Conjurer on Jan 31, 2022.
             Was the Champion of Ashenzari.
             Killed by an exploding ball lightning (34 damage)
             ... on level 2 of the Vaults on Feb 4, 2022.
             The game lasted 09:10:44 (65389 turns).

hatsuma the Devastator (Pale Draconian Conjurer)   Turns: 65389, Time: 09:10:45

Health: -12/180    AC: 16    Str: 15    XL:     20   Next: 85%
Magic:  27/46      EV: 19    Int: 22    God:    Ashenzari [******]
Gold:   3380       SH: 10    Dex: 19    Spells: 3/46 levels left

rFire   + . .      SeeInvis +   P - staff of conjuration (curse) {Evo, Range}
rCold   + + +      Faith    .   x - +3 warlock's mirror {reflect, Comp, Evo} (curse)
rNeg    . . .      Spirit   .   (armour unavailable)
rPois   +          Reflect  +   M - +2 hat of the Sibylline Gnosis {Will+, Elem, Evo} (curse)
rElec   .          Harm     .   Q - scarf of Ashenzari's Suspicion {rC+ rF+, Elem, Alch} (curse)
rCorr   .          Rampage  +   h - +1 pair of gloves of the Lashed Regret {Str+3, Alch, Elem} (curse)
Will    ++...      Clarity  +   i - +1 pair of boots "At What Cost Knowledge?" {rampage, Cun, Fort} (curse)
Stlth   ++++......              j - amulet "Shackled Soothsayer" {Regen+, Bglg, Elem} (curse)
HPRegen 1.20/turn               l - ring "Lashed Together" {MP+9, Self, Bglg} (curse)
MPRegen 0.30/turn               k - ring "Enigmatic Optimism" {rPois rC++ Int-2 Dex+8 SInv, Fort, Evo} (curse)

@: marked, studying 2 skills
A: breathe steam, AC +10, unfitting armour, cold-blooded, steam resistance
}: 2/15 runes: decaying, serpentine
a: Breathe Steam, Renounce Religion, Shatter the Chains


You were on level 2 of the Vaults.
You worshipped Ashenzari.
Ashenzari was exalted by your worship.
You visited 8 branches of the dungeon, and saw 37 of its levels.
You visited the Abyss 1 time.
You also visited: Ice Cave and Volcano.

You collected 5055 gold pieces.
You spent 1675 gold pieces at shops.

Inventory:

Missiles
 q - a throwing net
Armour
 h - the cursed +1 pair of gloves of the Lashed Regret (worn) {Str+3, Alch, Elem}
   (You bought it in a shop on level 2 of the Orcish Mines)

   It has a curse which improves the following skills: Alchemy: Poison Magic and
   Transmutations.
   Elements:  Fire Magic, Ice Magic, Air Magic and Earth Magic.
 i - the cursed +1 pair of boots "At What Cost Knowledge?" (worn) {rampage, Cun, Fort}
   (You found it on level 3 of the Dungeon)

   It has a curse which improves the following skills: Cunning: Dodging and
   Stealth.
   Fortitude: Shields.
 x - the cursed +3 warlock's mirror (worn) {reflect, Comp, Evo}
   (You acquired it on level 2 of the Swamp)

   It can block and reflect piercing ranged attacks and magical attacks against
   the wielder's willpower.
   It has a curse which improves the following skills: Companions: Summonings
   and Necromancy.
   Evocations: Evocations.
 M - the cursed +2 hat of the Sibylline Gnosis (worn) {Will+, Elem, Evo}
   (You found it on level 6 of the Lair of Beasts)

   It has a curse which improves the following skills: Elements: Fire Magic, Ice
   Magic, Air Magic and Earth Magic.
   Evocations: Evocations.
 Q - the cursed scarf of Ashenzari's Suspicion (worn) {rC+ rF+, Elem, Alch}
   (You found it in an ice cave)

   It has a curse which improves the following skills: Elements: Fire Magic, Ice
   Magic, Air Magic and Earth Magic.
   Alchemy:   Poison Magic and Transmutations.
Magical Staves
 P - a cursed staff of conjuration (weapon) {Evo, Range}
Jewellery
 j - the cursed amulet "Shackled Soothsayer" (around neck) {Regen+, Bglg, Elem}
   (You found it on level 3 of the Dungeon)

   [amulet of regeneration]

   Regen:     It increases your rate of health regeneration.
   It has a curse which improves the following skills: Beguiling: Conjurations,
   Hexes and Translocations.
   Elements:  Fire Magic, Ice Magic, Air Magic and Earth Magic.
 k - the cursed ring "Enigmatic Optimism" (right hand) {rPois rC++ Int-2 Dex+8 SInv, Fort, Evo}
   (You acquired it on level 12 of the Dungeon)

   [ring of poison resistance]

   Int:       It affects your intelligence (-2).
   Dex:       It affects your dexterity (+8).
   rC:        It greatly protects you from cold.
   rPois:     It protects you from poison.
   SInv:      It lets you see invisible.
   It has a curse which improves the following skills: Fortitude: Shields.
   Evocations: Evocations.
 l - the cursed ring "Lashed Together" (left hand) {MP+9, Self, Bglg}
   (You took it off a hobgoblin on level 4 of the Dungeon)

   [ring of magical power]

   MP:        It affects your magic capacity (+9).
   It has a curse which improves the following skills: Introspection: Fighting
   and Spellcasting.
   Beguiling: Conjurations, Hexes and Translocations.
Wands
 a - a wand of iceblast (38)
 r - a wand of charming (14)
 t - a wand of digging (10)
 u - a wand of polymorph (27)
 v - a wand of flame (67)
 z - a wand of paralysis (13)
 D - a wand of mindburst (16)
 E - a wand of acid (14)
Scrolls
 d - 3 scrolls of vulnerability
 f - 8 scrolls of torment
 g - 7 scrolls of teleportation
 w - 5 scrolls of holy word
 y - 11 scrolls of fear
 A - 2 scrolls of summoning
 B - 5 scrolls of blinking
 F - 2 scrolls of silence
 H - 3 scrolls of amnesia
 I - 4 scrolls of magic mapping
Potions
 b - 3 potions of cancellation
 c - 8 potions of ambrosia
 e - 15 potions of curing
 m - 11 potions of heal wounds
 o - 4 potions of invisibility
 s - 5 potions of flight
 C - a potion of resistance
 G - 4 potions of haste
 J - 4 potions of mutation
 K - 4 potions of magic
 N - 2 potions of brilliance
Miscellaneous
 n - a condenser vane
 p - a piece from Xom's chessboard (15/15)
 S - a box of beasts


   Skills:
 - Level 13.4(16.0) Fighting
 - Level 2.1(4.1) Crossbows
 - Level 9.0(11.7) Dodging
 - Level 6.6(9.3) Stealth
 - Level 6.0(9.9) Shields
 - Level 0.2 Unarmed Combat
 - Level 11.3(13.9) Spellcasting
 - Level 16.7(20.4) Conjurations
 - Level 8.4(12.3) Hexes
 + Level 12.8(15.4) Summonings
 - Level 9.0(12.9) Translocations
 - Level 11.6(15.5) Transmutations
 - Level 13.0(19.2) Air Magic
 - Level 12.1(18.3) Earth Magic
 - Level 13.0(19.2) Evocations


You had 3 spell levels left.
You knew the following spells:

 Your Spells              Type           Power      Damage    Failure   Level
a - Magic Dart            Conj           100%       1d8       0%          1
b - Searing Ray           Conj           100%       2d8       0%          2
c - Conjure Ball Lightni  Conj/Air       50%        3x3d17    1%          6
d - Fulminant Prism       Conj/Hex       46%        3d21      1%          4
e - Iskenderun's Mystic   Conj/Tloc      93%        2d18      1%          4
f - Lehudib's Crystal Sp  Conj/Erth      50%        10d12     11%         8
g - Irradiate             Conj/Tmut      48%        3d29      1%          5
h - Iron Shot             Conj/Erth      50%        9d10      1%          6
i - Spellforged Servitor  Conj/Summ      48%        N/A       2%          7

Your spell library contained the following spells:

 Spells                   Type           Power      Damage    Failure   Level
 Slow                     Hex            100%       N/A       1%          1
 Blink                    Tloc           100%       N/A       1%          2
 Ensorcelled Hibernation  Hex/Ice        88%        N/A       1%          2
 Call Canine Familiar     Summ           70%        N/A       1%          3
 Confusing Touch          Hex            63%        N/A       1%          3
 Dazzling Flash           Conj/Hex       100%       N/A       1%          3
 Gell's Gravitas          Tloc           64%        N/A       1%          3
 Inner Flame              Hex/Fire       44%        N/A       1%          3
 Lesser Beckoning         Tloc           64%        N/A       1%          3
 Portal Projectile        Hex/Tloc       100%       N/A       1%          3
 Spider Form              Tmut/Pois      50%        N/A       1%          3
 Summon Guardian Golem    Hex/Summ       66%        N/A       1%          3
 Tukima's Dance           Hex            63%        N/A       1%          3
 Animate Skeleton         Necr           32%        N/A       4%          1
 Pain                     Necr           64%        1d7       4%          1
 Sublimation of Blood     Necr           16%        N/A       6%          2
 Frozen Ramparts          Ice            38%        1d5       10%         3
 Ozocubu's Armour         Ice            19%        N/A       10%         3
 Vampiric Draining        Necr           16%        2d7       13%         3
 Cause Fear               Hex            31%        N/A       1%          4
 Hailstorm                Conj/Ice       76%        3d16      1%          4
 Ice Form                 Ice/Tmut       51%        N/A       1%          4
 Leda's Liquefaction      Hex/Erth       35%        N/A       1%          4
 Passage of Golubria      Tloc           64%        N/A       1%          4
 Petrify                  Tmut/Erth      74%        N/A       1%          4
 Summon Ice Beast         Ice/Summ       50%        N/A       1%          4
 Blade Hands              Tmut           35%        N/A       1%          5
 Fireball                 Conj/Fire      38%        3d16      1%          5
 Freezing Cloud           Conj/Ice/Air   42%        6-21      1%          5
 Iskenderun's Battlesphe  Conj           100%       2d15      1%          5
 Lee's Rapid Deconstruct  Erth           38%        3d20*     1%          5
 Manifold Assault         Tloc           64%        N/A       1%          5
 Silence                  Hex/Air        35%        N/A       1%          5
 Statue Form              Tmut/Erth      49%        N/A       1%          6
 Orb of Destruction       Conj           51%        9d13      1%          7
 Anguish                  Hex/Necr       21%        N/A       3%          4
 Borgnjor's Vile Clutch   Necr/Erth      27%        N/A       3%          5
 Alistair's Intoxication  Tmut/Pois      33%        N/A       4%          5
 Eringya's Noxious Bog    Tmut/Pois      25%        N/A       26%         6
 Enfeeble                 Hex            31%        N/A       26%         7
 Animate Dead             Necr           8%         N/A       38%         4
 Dispel Undead            Necr           16%        3d10      38%         4
 Agony                    Necr           16%        N/A       75%         5
 Excruciating Wounds      Necr           8%         N/A       75%         5
 Discord                  Hex            31%        N/A       89%         8
 Simulacrum               Ice/Necr       9%         N/A       99%         6
 Ozocubu's Refrigeration  Ice            9%         4d6       100%        7
 Death's Door             Necr           8%         N/A       100%        9
 Polar Vortex             Ice            9%         N/A       100%        9


Dungeon Overview and Level Annotations

Branches:
Dungeon (15/15)            Temple (1/1) D:4            Lair (6/6) D:11
  Swamp (4/4) Lair:4        Snake (4/4) Lair:3        Slime (0/5) Lair:5
    Orc (2/2) D:10            Elf (3/3) Orc:2        Vaults (2/5) D:14
 Depths (0/4) D:15          IceCv (visited)         Volcano (visited)
  Crypt: Vaults:2-3

Altars:
Ashenzari
Cheibriados
Dithmenos
Elyvilon
Fedhas
Gozag
Hepliaklqana
Kikubaaqudgha
Makhleb
Nemelex Xobeh
Okawaru
Qazlal
Ru
Sif Muna
Trog
Uskayaw
Vehumet
Wu Jian
Xom
Yredelemnul
Zin
The Shining One
Beogh
Jiyva
Lugonu

Shops:
D:1 (   D:5 [([[   D:6 **   D:7 ?   D:8 :   D:9 (   D:10 *   D:11 :   D:12 ?
Orc:2 **![   Elf:1 :   Snake:1 !   Snake:2 :==   Vaults:1 (

Portals:
Abyss: D:9 Lair:6
Trove: D:10 (give +6 demon whip)

Annotations:
D:8 3 runed translucent doors, hawla's ghost, novice DgAr
D:9 2 transporters, vvl's ghost, journeyman DrVM
D:14 Roxanne
Lair:1 1 runed translucent door
Swamp:3 1 runed translucent door, Vudadgh's ghost, adept HuWr


Innate Abilities, Weirdness & Mutations

You can breathe blasts of scalding, opaque steam.
Your pale cyan-grey scales are hard. (AC +10)
You cannot fit into any form of body armour.
You are cold-blooded and may be slowed by cold attacks.
You are immune to the effects of steam.


Message History

Your ball lightning completely resists.
The blast of lightning engulfs the yaktaur!!
You kill the yaktaur!
The blast of lightning engulfs you!
The blast of lightning engulfs the ironbound frostheart!!
The ironbound frostheart is almost dead.
Your ball lightning explodes!
The blast of lightning engulfs the ironbound frostheart!!
You kill the ironbound frostheart!
The yaktaur captain wields a +0 arbalest.
The yaktaur captain shoots a bolt.
The bolt barely misses you.
There is an open door here.
You start resting.
A yaktaur captain is nearby!
An ironbound convoker comes into view.
It is wielding a +2 great mace of holy wrath.
Casting: Conjure Ball Lightning (mildly dangerous; 1% risk of failure)
Confirm with . or Enter, or press ? or * to list all spells.
You feel a surge of power!
You create some ball lightning! 3 ball lightnings come into view.
A dire elephant comes into view.
The yaktaur captain shoots a bolt.
The bolt hits you!!
Your ball lightning explodes!
The blast of lightning engulfs you!!
The blast of lightning engulfs your ball lightning.
Your ball lightning completely resists.
The blast of lightning engulfs your ball lightning.
Your ball lightning completely resists.
The blast of lightning engulfs the yaktaur captain!
The yaktaur captain is lightly wounded.
The yaktaur captain shoots a bolt.
The bolt hits you!
The ironbound convoker begins to recite a word of recall!
Your ball lightning explodes!
The blast of lightning engulfs your ball lightning.
Your ball lightning completely resists.
The blast of lightning engulfs the yaktaur captain!!
The yaktaur captain is severely wounded.
The blast of lightning engulfs you!!!
* * * LOW HITPOINT WARNING * * *
Your ball lightning explodes!
The blast of lightning engulfs you!!
You die...

#.......#.......'......### ####.
#################......#### ####.
##########......#### ####.
#########..{...#########.
#################......#########.
#################......#########.
#####################'##########.
......................p.[........
................@............)...
...........................[.)...
..............................)).
................†........{{...)).
###+################c###########.
, , * ###...Y.....#######) ,, ,,
* ###.....)...#######. , , ,*
##.........#######) ,, ,,,
#...>{....# ####.


You could see a yaktaur captain and an ironbound convoker (chanting recall).

Vanquished Creatures
  Rupert (D:12)
  6 tentacled monstrosities
  A lich (IceCv)
  Jorgrun (D:14)
  A deep elf blademaster (Elf:3)
  Mlioglotl (Swamp:1)
  2 deep elf master archers (Elf:3)
  Donald (Orc:2)
  3 thorn hunters
  Kirke (D:12)
  4 nagarajas (Snake:4)
  5 fenstrider witches (Swamp:4)
  6 vault wardens
  5 deep elf sorcerers (Elf:3)
  Aizul (Snake:2)
  3 deep elf elementalists (Elf:3)
  3 ghouls
  3 ironbound preservers
  A reaper (Swamp:4)
  Nessos (D:12)
  5 deep elf demonologists (Elf:3)
  6 eleionomae
  3 deep elf annihilators (Elf:3)
  8 bunyips
  A red draconian (Volcano)
  3 dire elephants
  An entropy weaver (Vaults:1)
  Snorg (Lair:6)
  A blizzard demon (Swamp:4)
  7 deep elf death magi
  Josephine (D:10)
  An ettin (Orc:1)
  A yaktaur captain (Vaults:2)
  3 deep elf high priests (Elf:3)
  A shambling mangrove (Swamp:2)
  2 vault guards (D:14)
  Erolcha (D:9)
  A rakshasa (D:15)
  A radroach (shapeshifter) (Lair:6)
  4 salamander tyrants
  16 hydras
  9 naga warriors
  4 ironbound frosthearts
  2 boulder beetles
  6 ogre magi
  Erica (D:9)
  3 ghost crabs (Swamp:4)
  3 catoblepae
  5 centaur warriors
  10 alligators
  6 anacondas
  15 two-headed ogres
  2 death yaks
  2 spriggan berserkers
  7 shock serpents
  24 dancing weapons
  2 thrashing horrors (Lair:6)
  2 soul eaters (Swamp:4)
  15 deep elf knights
  9 naga sharpshooters
  3 skeletal warriors (D:14)
  A sixfirhy (Swamp:4)
  2 death drakes (Swamp:4)
  4 goliath frogs
  8 spriggan druids
  A glowing orange brain (Vaults:2)
  7 swamp dragons
  7 bog bodies
  A death drake (shapeshifter) (Elf:1)
  An obsidian statue (IceCv)
  6 salamander mystics
  12 deep trolls
  5 naga ritualists
  7 deep elf archers
  6 harpies (Vaults:1)
  4 orc knights
  3 phantasmal warriors (Snake:1)
  2 lindwurms (Vaults:1)
  4 ironbound convokers
  9 wizards
  25 deep elf pyromancers
  A nameless horror (Snake:4)
  Pikel (D:6)
  32 deep elf zephyrmancers
  6 orc sorcerers
  9 mana vipers
  3 necromancers
  6 will-o-the-wisps
  8 ugly things
  3 manticores
  10 cyclopes
  20 salamanders
  4 large abominations
  11 elephants
  36 black mambas
  Maurice (D:8)
  8 vault sentinels
  5 guardian serpents
  15 cane toads
  2 gargoyles
  13 naga magi
  2 smoke demons (Lair:6)
  2 torpor snails (Lair:3)
  Maggie (D:9)
  16 yaktaurs
  3 rime drakes
  3 unseen horrors
  A kobold demonologist (D:10)
  3 anaconda simulacra (IceCv)
  5 komodo dragons
  Psyche (D:12)
  An orange demon (Swamp:4)
  A tengu conjurer (D:14)
  A spectral naga (Snake:1)
  17 freezing wraiths (IceCv)
  An efreet (D:13)
  An entropy weaver simulacrum (IceCv)
  An ancient zyme (Lair:6)
  2 ice devils (IceCv)
  3 golden dragon simulacra (IceCv)
  2 guardian mummies (D:10)
  2 hellwings (Swamp:4)
  A queen bee (D:12)
  Prince Ribbit (D:8)
  A wolf spider simulacrum (D:15)
  14 trolls
  9 hornets
  5 tyrant leeches
  16 slime creatures
  6 dream sheep (Lair:5)
  11 blink frogs (Lair:6)
  A meliai zombie (D:11)
  A centaur simulacrum (D:15)
  2 air elementals
  3 ynoxinuls (Lair:6)
  4 wyverns
  5 dire elephant simulacra (IceCv)
  3 water elementals (Elf:1)
  4 shadows
  17 humans (D:14)
  6 spriggans
  3 fire elementals
  7 wraiths
  49 yaks
  Eustachio (D:4)
  4 hogs (D:12)
  9 basilisks
  A neqoxec (Swamp:4)
  A golden eye (shapeshifter) (D:14)
  8 vampire mosquitoes
  3 steam dragons
  Grum (D:10)
  2 chaos spawn (Lair:6)
  8 wargs
  2 minotaur simulacra
  2 redbacks (Vaults:1)
  An acid dragon (D:12)
  3 harpy simulacra (IceCv)
  20 swamp worms
  40 nagas
  30 water moccasins
  36 orc warriors
  A swamp drake (Swamp:2)
  A sky beast (shapeshifter) (D:14)
  6 alligator simulacra
  2 ettin simulacra (IceCv)
  22 ogres
  4 black bears
  6 necrophages
  15 wolves
  7 centaurs
  2 lemures (D:6)
  3 kobold brigands
  A gnoll sergeant (D:7)
  4 earth elementals
  14 bullfrogs
  A wyvern zombie (D:8)
  3 deep troll simulacra
  9 small abominations (Lair:6)
  9 scorpions
  A water moccasin zombie (D:5)
  4 lindwurm simulacra (IceCv)
  17 killer bees
  7 wights
  7 howler monkeys
  An electric eel (Lair:3)
  A crimson imp (D:3)
  5 centaur zombies
  A bullfrog zombie (D:6)
  5 hounds
  A gnoll shaman (D:10)
  2 jellies
  19 orc priests
  3 iguanas (D:6)
  2 hell rats (Lair:1)
  Natasha (twice) (D:2)
  34 orc wizards
  Robin (D:4)
  A howler monkey skeleton (D:4)
  13 gnolls
  7 adders
  6 river rats (Lair:1)
  A white imp (D:4)
  2 ufetubi
  6 worms
  A dart slug (D:3)
  104 orcs
  7 bats
  6 endoplasms
  5 giant cockroaches
  11 goblins
  9 hobgoblins
  3 jackals (D:1)
  9 ball pythons
  4 frilled lizards
  23 kobolds
  5 rats
  2 briar patches (Swamp:3)
  3 butterflies (Lair:6)
  A fulminant prism (Snake:2)
1419 creatures vanquished.

Vanquished Creatures (collateral kills)
  A deep elf blademaster (Elf:3)
  Agnes (Elf:2)
  A nagaraja (Snake:4)
  An orc warlord (Vaults:1)
  2 vault wardens (Vaults:1)
  A deep elf elementalist (Elf:3)
  An ironbound preserver (Vaults:1)
  2 ironbound thunderhulks
  2 dire elephants (Vaults:1)
  A yaktaur captain (Vaults:1)
  2 ironbound frosthearts
  A vault guard (Vaults:2)
  A boulder beetle (Vaults:1)
  3 dancing weapons
  An orc high priest (Elf:1)
  A naga sharpshooter (Snake:4)
  6 deep elf knights
  5 deep trolls
  4 deep elf archers
  4 deep elf zephyrmancers
  2 ironbound convokers (Vaults:2)
  An ugly thing (Vaults:1)
  7 deep elf pyromancers
  An orc knight (Vaults:1)
  A salamander (Snake:4)
  A vault sentinel (Vaults:2)
  A yaktaur (Vaults:2)
  2 trolls
  3 slime creatures (Vaults:1)
  2 fire elementals
  A naga (Snake:4)
  A nameless horror (Vaults:1)
  8 ball lightnings
72 creatures vanquished.

Vanquished Creatures (others)
  A centaur warrior (D:14)
  A two-headed ogre (Orc:2)
  A bog body (Swamp:1)
  A bloated husk (Swamp:1)
  A human (D:14)
  A chaos spawn (Swamp:4)
  A deep troll simulacrum (Elf:2)
  A lindwurm simulacrum (Elf:2)
  119 ball lightnings
  A briar patch (Swamp:3)
  A butterfly (D:10)
  19 foxfires
  435 fulminant prisms
  65 fungi
  115 plants
  4 toadstools (Lair:1)
767 creatures vanquished.

Grand Total: 2258 creatures vanquished

Notes
Turn   | Place    | Note
-------+----------+-------------------------------------------
     0 | D:1      | hatsuma the Draconian Conjurer began the quest for the Orb.
     0 | D:1      | Reached XP level 1. HP: 14/14 MP: 3/3
    84 | D:1      | Found Hurphi's Weapon Emporium.
    89 | D:1      | Reached skill level 1 in Fighting
   170 | D:1      | Found a faded altar of an unknown god.
   389 | D:1      | Reached XP level 2. HP: 24/24 MP: 1/5
   626 | D:1      | Learned a level 2 spell: Searing Ray
  1247 | D:2      | Reached XP level 3. HP: 28/30 MP: 4/6
  1505 | D:2      | Identified the +3 ring mail of the Four of Wands {rC- Dex+5
                  | SInv}
  1785 | D:2      | Reached XP level 4. HP: 37/37 MP: 3/8
  1969 | D:2      | Noticed Natasha
  1971 | D:2      | Killed Natasha
  2044 | D:2      | Noticed Natasha
  2050 | D:2      | Killed Natasha
  2462 | D:3      | Reached XP level 5. HP: 45/45 MP: 3/10
  2602 | D:3      | Noticed a necrophage
  2690 | D:3      | Found a burning altar of Makhleb.
  2690 | D:3      | Found a shimmering altar of Xom.
  3155 | D:3      | Killed a necrophage
  3156 | D:3      | Reached skill level 5 in Conjurations
  3156 | D:3      | Reached XP level 6. HP: 51/51 MP: 0/11
  3160 | D:3      | Learned a level 3 spell: Dazzling Flash
  3447 | D:4      | Noticed Eustachio
  3504 | D:4      | Reached skill level 1 in Hexes
  3779 | D:4      | Killed Eustachio
  3780 | D:4      | Reached skill level 6 in Conjurations
  4108 | D:4      | Noticed Robin
  4268 | D:4      | Killed Robin
  4269 | D:4      | Your scales start taking on a pale cyan-grey colour.
  4269 | D:4      | Reached XP level 7. HP: 57/57 MP: 12/12
  4269 | D:4      | Gained mutation: You are immune to the effects of steam.
                  | [Pale Draconian growth]
  4420 | D:4      | Reached skill level 1 in Evocations
  4637 | D:4      | Found a staircase to the Ecumenical Temple.
  4647 | Temple   | Entered the Ecumenical Temple
  4686 | Temple   | Became a worshipper of Ashenzari the Shackled
  4963 | D:5      | Entered Level 5 of the Dungeon
  4963 | D:5      | Found Oguvam's Armour Shop.
  5128 | D:5      | Found a shadowy altar of Dithmenos.
  5130 | D:5      | Found an ornate altar of the Wu Jian Council.
  5132 | D:5      | Found a radiant altar of Vehumet.
  5132 | D:5      | Found a hide-covered altar of Uskayaw.
  5272 | D:5      | Reached skill level 7 in Conjurations
  5340 | D:5      | Reached XP level 8. HP: 63/63 MP: 14/14
  5522 | D:5      | Found Widaley's Antique Armour Boutique.
  5871 | D:5      | Found Ziurynyi's Weapon Shoppe.
  5909 | D:5      | Found Camaox's Antique Armour Shoppe.
  6107 | D:5      | Reached skill level 8 in Conjurations
  6173 | D:6      | Noticed Pikel
  6376 | D:6      | Reached skill level 5 in Spellcasting
  6792 | D:6      | Killed Pikel
  6793 | D:6      | Reached XP level 9. HP: 71/71 MP: 16/16
  6798 | D:6      | Learned a level 4 spell: Fulminant Prism
  6812 | D:6      | Upgraded the game from 0.28-b1-1-g3c77fb2ed1 to
                  | 0.28-b1-25-g9875b3fc8c
  6881 | D:6      | Reached skill level 9 in Conjurations
  7476 | D:6      | Found Lounusopp's Specific Store.
  7481 | D:6      | Found Puuqatit's General Store.
  7705 | D:6      | Reached skill level 5 in Hexes
  7768 | D:7      | You fall into a shaft and drop 1 floor!
  7775 | D:8      | Noticed Prince Ribbit
  7776 | D:8      | Noticed a two-headed ogre
  7778 | D:7      | Found a blossoming altar of Fedhas.
  8109 | D:7      | Killed an unseen horror
  8110 | D:7      | Reached XP level 10. HP: 78/78 MP: 18/18
  8444 | D:7      | Found Juurghiz's Magic Scroll Emporium.
  8529 | D:8      | Killed Prince Ribbit
  8530 | D:8      | Reached skill level 10 in Conjurations
  8622 | D:8      | Found Kuifioxtue's Book Emporium.
  8652 | D:8      | Found a runed translucent gate.
  8653 | D:8      | Found a runed translucent gate.
  8671 | D:8      | Noticed Maurice
  8688 | D:8      | Killed Maurice
  8689 | D:8      | Reached skill level 5 in Evocations
  8705 | D:8      | Noticed a two-headed ogre
  8812 | D:8      | Killed a two-headed ogre
  8857 | D:8      | Killed a two-headed ogre
  9203 | D:8      | Found a sacrificial altar of Ru.
  9250 | D:8      | Reached * piety under Ashenzari
  9345 | D:8      | Found a runed translucent gate.
  9345 | D:8      | Noticed hawla's ghost (novice DgAr)
  9356 | D:8      | Noticed a two-headed ogre
  9367 | D:8      | Killed a two-headed ogre
  9368 | D:8      | Reached XP level 11. HP: 92/92 MP: 20/22
  9435 | D:8      | Learned a level 4 spell: Iskenderun's Mystic Blast
  9476 | D:9      | Found a transporter.
  9487 | D:9      | Found a transporter.
  9493 | D:9      | Found a one-way gate to the infinite horrors of the Abyss.
  9493 | D:9      | Noticed vvl's ghost (journeyman DrVM)
  9542 | D:9      | Reached skill level 1 in Translocations
  9610 | D:9      | Noticed Erica
  9633 | D:9      | Killed Erica
  9656 | D:9      | Noticed Erolcha
  9673 | D:9      | Cast into level 2 of the Abyss (Erolcha)
  9673 | Abyss:2  | Found a corrupted altar of Lugonu.
  9704 | D:9      | Escaped the Abyss
  9807 | D:9      | Noticed Maggie
  9818 | D:9      | Killed Maggie
  9981 | D:9      | Reached ** piety under Ashenzari
 10085 | D:9      | Found Rohuat's Antique Weapon Shoppe.
 10460 | D:9      | Found a shimmering blue altar of Sif Muna.
 10540 | D:9      | Found a basalt altar of Yredelemnul.
 10544 | D:9      | Found a bloodstained altar of Trog.
 10644 | D:10     | Entered Level 10 of the Dungeon
 11082 | D:10     | Noticed Josephine
 11274 | D:10     | Noticed Grum
 11279 | D:10     | Killed Grum
 11373 | D:10     | Reached skill level 5 in Translocations
 11595 | D:10     | Killed Josephine
 11829 | D:10     | Found Coijusch's Assorted Antiques.
 11874 | D:10     | Found a glowing silver altar of Zin.
 12043 | D:10     | Reached skill level 5 in Stealth
 12075 | D:10     | Found a white marble altar of Elyvilon.
 12116 | D:10     | Found a staircase to the Orcish Mines.
 12251 | D:10     | Reached XP level 12. HP: 70/100 MP: 23/25
 12298 | D:10     | Found a portal to a secret trove of treasure.
 12314 | D:10     | Learned a level 5 spell: Iskenderun's Battlesphere
 12444 | D:11     | Found a staircase to the Lair.
 12657 | D:11     | Found Nofori's Self-Improvement Boutique.
 13350 | D:11     | Reached *** piety under Ashenzari
 13361 | D:11     | Noticed a seven-headed hydra
 13506 | Lair:1   | Entered Level 1 of the Lair of Beasts
 14051 | Lair:1   | Noticed an eight-headed hydra
 14185 | Lair:1   | Reached skill level 5 in Dodging
 14375 | Lair:1   | Noticed a catoblepas
 14375 | Lair:1   | Noticed a catoblepas
 14611 | Lair:1   | Killed an eight-headed hydra
 14790 | Lair:1   | Found a runed translucent door.
 15190 | Lair:2   | Noticed a catoblepas
 15205 | Lair:2   | Killed a catoblepas
 15768 | Lair:2   | Noticed a five-headed hydra
 15774 | Lair:2   | Killed a five-headed hydra
 16348 | Lair:3   | Reached XP level 13. HP: 116/116 MP: 27/27
 16844 | Lair:3   | Learned a level 5 spell: Irradiate
 16898 | Lair:3   | Reached skill level 1 in Transmutations
 16986 | Lair:3   | Found a staircase to the Snake Pit.
 17289 | Lair:3   | Reached **** piety under Ashenzari
 17711 | Lair:3   | Noticed a dire elephant
 17833 | Lair:3   | Killed a dire elephant
 17995 | Lair:3   | Noticed a dire elephant
 18011 | Lair:3   | Reached skill level 5 in Transmutations
 18130 | Lair:3   | Killed a dire elephant
 19556 | Lair:4   | Found a staircase to the Swamp.
 20769 | Lair:5   | Found a viscous altar of Jiyva.
 20769 | Lair:5   | Found a staircase to the Slime Pits.
 20924 | Lair:5   | Reached XP level 14. HP: 109/124 MP: 29/29
 21569 | Lair:6   | Entered Level 6 of the Lair of Beasts
 21586 | Lair:6   | Noticed Snorg
 21591 | Lair:6   | Killed Snorg
 21634 | Lair:6   | Found a dark tunnel.
 21642 | Volcano  | Entered a volcano
 21803 | Volcano  | Found a bloodstained altar of Trog.
 23419 | Lair:5   | Reached skill level 11 in Conjurations
 23875 | Lair:6   | Identified the +12 whip of the Sybil {protect, Dex+3}
 24616 | Lair:6   | Found a corrupted altar of Lugonu.
 24635 | Lair:6   | Upgraded the game from 0.28-b1-25-g9875b3fc8c to
                  | 0.28-b1-70-g80dc712255
 24841 | Orc:1    | Entered Level 1 of the Orcish Mines
 25017 | D:12     | Noticed Psyche
 25024 | D:12     | Killed Psyche
 25088 | D:12     | Noticed Nessos
 25095 | D:12     | Killed Nessos
 25096 | D:12     | Reached skill level 10 in Evocations
 25349 | D:12     | Noticed Kirke
 25481 | D:11     | Identified the cursed +4 scimitar "Apathy of Ashenzari"
                  | {flame, Alch, Bglg} (You took it off Erica on level 9 of
                  | the Dungeon)
 25481 | D:11     | Identified the cursed +2 hat of the Sibylline Gnosis
                  | {Will+, Elem, Evo} (You found it on level 6 of the Lair of
                  | Beasts)
 25481 | D:11     | Identified the cursed +1 pair of boots "At What Cost
                  | Knowledge?" {rampage, Cun, Fort} (You found it on level 3
                  | of the Dungeon)
 25481 | D:11     | Identified the cursed ring "Lashed Together" {MP+9, Self,
                  | Bglg} (You took it off a hobgoblin on level 4 of the
                  | Dungeon)
 25481 | D:11     | Identified the cursed ring of the Ruined Gloom {Str+6,
                  | Elem, Evo} (You found it on level 5 of the Dungeon)
 25580 | D:12     | Killed Kirke
 25807 | D:12     | Noticed Rupert
 25833 | D:12     | Killed Rupert
 25834 | D:12     | Reached skill level 10 in Fighting
 26012 | D:12     | Found Yclui's Magic Scroll Boutique.
 26472 | D:12     | Found a broken altar of Ashenzari.
 26919 | Orc:2    | Entered Level 2 of the Orcish Mines
 27046 | Orc:1    | Reached XP level 15. HP: 134/134 MP: 29/30
 27053 | Orc:1    | Learned a level 6 spell: Iron Shot
 27180 | Orc:1    | Reached skill level 1 in Earth Magic
 28131 | Orc:2    | Reached skill level 5 in Earth Magic
 28460 | Orc:2    | Noticed Donald
 28508 | Orc:2    | Killed Donald
 28719 | Orc:2    | Found Pestrexki's General Store.
 28723 | Orc:2    | Found Sugyaxza's Assorted Antiques.
 28730 | Orc:2    | Found Goubin's Antique Armour Emporium.
 28730 | Orc:2    | Found Obigarha's Distillery.
 28948 | Orc:2    | Found a staircase to the Elven Halls.
 30097 | Orc:2    | Bought a pair of glowing gloves for 187 gold pieces
 30173 | D:9      | Killed Erolcha
 30302 | D:12     | Bought a scroll of acquirement for 624 gold pieces
 30302 | D:12     | Acquired the ring "Rossyrch" {rPois rC++ Int-2 Dex+8 SInv}
 30865 | D:13     | Reached skill level 12 in Conjurations
 31323 | D:14     | Noticed Roxanne
 31480 | D:14     | Reached ***** piety under Ashenzari
 31542 | D:14     | Noticed Jorgrun
 31760 | Swamp:1  | Entered Level 1 of the Swamp
 31770 | Swamp:1  | Noticed Mlioglotl
 31775 | Swamp:1  | Killed Mlioglotl
 31818 | Swamp:1  | Noticed a tentacled monstrosity
 31829 | Swamp:1  | Noticed a tentacled monstrosity
 31946 | Snake:1  | Entered Level 1 of the Snake Pit
 32529 | Snake:1  | Found Jinlug Muby's Distillery.
 33742 | Snake:1  | Reached XP level 16. HP: 122/141 MP: 19/31
 34511 | D:14     | Reached skill level 13 in Conjurations
 34705 | D:14     | Found a shadowy altar of Dithmenos.
 34944 | D:14     | Killed Jorgrun
 34967 | D:14     | HP: 1/141 [centaur warrior/arrow (11)]
 35217 | D:14     | Reached skill level 10 in Earth Magic
 35580 | D:14     | Found a gate to the Vaults.
 35706 | D:15     | Entered Level 15 of the Dungeon
 37266 | Swamp:1  | Killed a tentacled monstrosity
 37481 | Elf:1    | Entered Level 1 of the Elven Halls
 38029 | Snake:2  | Noticed Aizul
 38389 | Snake:2  | Killed Aizul
 39351 | Snake:2  | Found Bawkeij's Jewellery Emporium.
 39361 | Snake:2  | Found Qielisech's Jewellery Emporium.
 39373 | Snake:2  | Found Milimn's Book Shop.
 40325 | Snake:2  | Upgraded the game from 0.28-b1-70-g80dc712255 to 0.28.0
 40541 | Snake:3  | Reached skill level 10 in Spellcasting
 40541 | Snake:3  | Reached XP level 17. HP: 152/152 MP: 31/33
 41372 | Swamp:1  | Killed a tentacled monstrosity
 41964 | Swamp:1  | Reached skill level 1 in Shields
 42232 | Swamp:1  | Noticed a tentacled monstrosity
 42254 | Swamp:1  | Killed a tentacled monstrosity
 43047 | Swamp:2  | Noticed a tentacled monstrosity
 43066 | Swamp:2  | Killed a tentacled monstrosity
 43241 | Swamp:2  | Reached skill level 5 in Shields
 43358 | Swamp:2  | Acquired the +3 warlock's mirror {reflect}
 43358 | Swamp:2  | Found the +3 warlock's mirror {reflect}
 43411 | Swamp:3  | Found a runed translucent door.
 43428 | Swamp:3  | Reached skill level 10 in Transmutations
 43605 | Swamp:3  | Found a shimmering altar of Xom.
 43605 | Swamp:3  | Noticed Vudadgh's ghost (adept HuWr)
 43906 | Swamp:3  | Identified the +6 scimitar "Maehupun" {pain, Str+3}
 44224 | Swamp:3  | Identified the +2 robe "Zesem" {MP+9}
 44490 | Swamp:3  | Found a radiant altar of Vehumet.
 45498 | Swamp:3  | Found an ancient bone altar of Kikubaaqudgha.
 45787 | Swamp:4  | Entered Level 4 of the Swamp
 46060 | Swamp:4  | Noticed a tentacled monstrosity
 46316 | Swamp:4  | Killed a tentacled monstrosity
 46764 | Swamp:4  | Reached XP level 18. HP: 149/166 MP: 11/34
 46796 | Swamp:4  | Learned a level 7 spell: Spellforged Servitor
 46940 | Swamp:4  | Reached skill level 1 in Summonings
 47172 | Swamp:4  | Noticed a tentacled monstrosity
 47179 | Swamp:4  | Killed a tentacled monstrosity
 47490 | Swamp:4  | Reached skill level 5 in Summonings
 48681 | Swamp:4  | Got a decaying rune of Zot
 48866 | Snake:4  | Entered Level 4 of the Snake Pit
 49843 | Snake:4  | Reached skill level 14 in Conjurations
 51585 | Snake:4  | Got a serpentine rune of Zot
 51946 | Snake:2  | Bought a book of the Spheres for 864 gold pieces
 51954 | Snake:2  | Learned a level 6 spell: Conjure Ball Lightning
 51954 | Snake:2  | Acquired 776 gold pieces
 52132 | Elf:1    | Reached skill level 1 in Air Magic
 52610 | Elf:1    | Found Nul Gum's Book Shop.
 53054 | Elf:1    | Reached skill level 5 in Air Magic
 53573 | Elf:1    | Reached XP level 19. HP: 161/172 MP: 24/35
 53668 | Elf:1    | Reached skill level 15 in Conjurations
 55010 | Elf:2    | Identified the +9 longbow of Koagil {venom, Fragile Will++
                  | Str+10}
 55036 | Elf:2    | Found a frozen archway.
 55060 | IceCv    | Entered an ice cave
 55847 | IceCv    | Found an ancient bone altar of Kikubaaqudgha.
 56203 | IceCv    | Identified the Collected Works on Ice and Sinister Rites
 56799 | Elf:2    | Identified the +8 scale mail "Weseurerri" {-Tele Regen+
                  | rCorr Stlth+}
 57001 | Elf:2    | Found a runed translucent gate.
 57002 | Elf:2    | Found a runed translucent gate.
 57003 | Elf:2    | Found a runed translucent gate.
 57349 | Elf:2    | Noticed Agnes
 57354 | Elf:2    | Killed Agnes
 57696 | Elf:2    | Reached skill level 10 in Air Magic
 58197 | Elf:3    | Entered Level 3 of the Elven Halls
 58349 | Elf:3    | Found the amulet of the Four Winds {rN+ Will+++ Clar}
 58470 | Elf:3    | Identified the +10 short sword of Zin's Regard {vorpal,
                  | rF+}
 59266 | Elf:3    | Reached skill level 10 in Summonings
 59334 | Elf:3    | Identified the +6 hand axe of Fate {antimagic, rElec rPois
                  | rC+}
 59445 | Elf:3    | Reached XP level 20. HP: 118/180 MP: 9/37
 59582 | Elf:3    | Identified the +3 flail of Putrescence {antimagic, Stlth+}
 59706 | Elf:3    | Identified the +7 falchion of Ashenzari's Fury {freeze,
                  | rPois rN+ Int+2}
 60089 | Elf:3    | Reached skill level 16 in Conjurations
 60265 | Elf:3    | Identified the amulet of Ru's Esteem {Acrobat +Blink rF+
                  | rN+ Str+4}
 60732 | Elf:3    | Learned a level 8 spell: Lehudib's Crystal Spear
 60994 | Elf:3    | Identified the +8 shortbow of Usutaidi {venom, Str+2 Int-5
                  | SInv}
 61038 | Elf:3    | Identified the Catalogue of Execration and the Compass
 61388 | Vaults:1 | Entered Level 1 of the Vaults
 63241 | Vaults:1 | Found Ymutua Iruts's Antique Weapon Shoppe.
 63385 | Vaults:1 | Identified the +0 helmet "Zikezegg" {Slay+3}
 63534 | Vaults:1 | Reached skill level 1 in Crossbows
 64040 | Vaults:1 | Reached ****** piety under Ashenzari
 65389 | Vaults:2 | Killed by an exploding ball lightning

Illustrated notes

Levels and vault maps discovered:
D:1:      dpeg_arrival_renting, layout_rooms, serial_shops, shop,
          nicolae_ecumenical_snake_handling
D:2:      layout_basic, uniq_natasha
D:3:      layout_rooms, grunt_temple_overflow_champion_of_chaos, serial_curves,
          eino_curves_01, eino_curves_04, chequers_serial_rivers_marsh,
          minmay_checkerbox
D:4:      layout_basic, minmay_temple_entry_tees, kennysheep_small_spiral,
          uniq_robin, uniq_eustachio
D:5:      layout_loops_ring, grunt_temple_overflow_open, serial_shops,
          nicolae_stop_n_shop_2, nicolae_shop_bloodbath_and_beyond,
          shop_fountains, shop_statue, grunt_ministairs_11, roderic_lattice_a
D:6:      layout_basic, hangedman_decor_opposing, columned_hall_lemuel,
          kennysheep_decorative_pillar, nicolae_specific_store,
          nicolae_concentric_dashed_squares_wild, uniq_pikel
D:7:      layout_rooms, fedhas_altar_2, serial_shops, nicolae_shop_crystal,
          kennysheep_doodads
D:8:      layout_rooms, kennysheep_mini_moat, special_room [special_room_orc],
          serial_shops, nicolae_diamond_shop, gammafunk_ghost_spectres,
          serial_bayou_pond_e, uniq_prince_ribbit1, uniq_maurice
D:9:      layout_roguey, minitemple, gammafunk_ghost_abyssal_escape,
          nicolae_take_the_stairs, moated_statue, uniq_maggie, uniq_erolcha,
          uniq_erica
D:10:     layout_cave_pools, nicolae_elyvilon_peaceful_grove,
          lemuel_crystal_altar, david_orc_5, serial_shops, shop,
          nicolae_trove_entry_path_of_doom, kennysheep_generic_room_15,
          uniq_grum, uniq_josephine
D:11:     layout_stronghold, lair_entry_dummy, nicolae_shop_self_help
D:12:     layout_basic, serial_shops, kennysheep_little_box,
          kennysheep_flooded_box, hive_lemuel, uniq_psyche, uniq_kirke,
          uniq_rupert, uniq_nessos
D:13:     layout_roguey
D:14:     layout_small_grid, grunt_vaults_entry_tiered, serial_glass,
          glass_columns_a, glass_columns_b, glass_columns_b, glass_columns_b,
          glass_columns_a, glass_columns_a, glass_columns_b, glass_columns_a,
          glass_columns_a, glass_columns_c, glass_columns_a, glass_columns_a,
          glass_columns_a, glass_columns_a, grunt_dithmenos_shadows,
          uniq_jorgrun, uniq_roxanne
D:15:     grunt_enter_depths_magical_seal, layout_loops_ring
Temple:   jpeg_temple_island
Lair:1:   gammafunk_lair_enchanted_lake, layout_cave_shapes, kennysheep_rathole,
          grunt_megastairs_4
Lair:2:   layout_cellular_growth, serial_bayou_shore_a
Lair:3:   layout_regular_city, minmay_snake_entry_six_corridors,
          nicolae_lair_lakeside_cave, serial_bayou_shore_b
Lair:4:   layout_regular_city, minmay_swamp_entry_worms, grunt_megastairs_1,
          lemuel_fruit_fields
Lair:5:   layout_cave_pods, dpeg_slime_entry_enclosed_altar
Lair:6:   hellmonk_lair_end_abyssal_woods, layout_regular_city,
          nicolae_volcano_entry_hallway, chequers_serial_rivers_small_a,
          infiniplex_staircase_pool_2, lemuel_fruit_fields, lemuel_fruit_fields,
          uniq_snorg
Swamp:1:  cheibrodos_swamp_monstrosity, layout_basic_swamp,
          nicolae_swamp_well_well_well, nicolae_swamp_soggy_hallways,
          uniq_mlioglotl
Swamp:2:  layout_falls_marsh, nicolae_swamp_tree_designs
Swamp:3:  cheibrodos_swamp_heart_of_darkness, layout_basic_swamp,
          ebering_ghost_xom, nicolae_swamp_feature_on_the_river_bank,
          grunt_ruined_hall, infiniplex_staircase_pool
Swamp:4:  nzn_swamp_witches_coven, layout_basic_swamp
Snake:1:  layout_honeycomb, serial_shops, nicolae_shop_statue_plus,
          nicolae_snake_ghostly_warrior_ritual
Snake:2:  layout_grid_shapes, minmay_shop_grove, uniq_aizul
Snake:3:  layout_onion
Snake:4:  minmay_snake_end_coiled, layout_cave_town
Orc:1:    layout_caves, basic_altar
Orc:2:    st_orc_open, layout_caves, special_room, nooodl_orcs_dogs, uniq_donald
Elf:1:    elf_arrival_002, layout_gridlike, serial_shops, shop,
          hangedman_elven_crosses_minicolossus, roderic_lattice_octagonal_star
Elf:2:    elven_hall_of_blades_hangedman_original
          [nicolae_blade_entry_area_security], layout_loops_corners,
          portal_ice_cave_entry_ice_simulacra, uniq_agnes
Elf:3:    grunt_elf_hall_diamonds, layout_geoelf_grid, hex_medium
Vaults:1: nicolae_vaults_disjoint_gnomons, nicolae_vaults_circle_grid_a,
          nicolae_vaults_quartermaster, nicolae_vaults_border_crossing,
          nicolae_vaults_ninety_degrees, nicolae_vaults_little_squares_6,
          nicolae_vaults_circle_grid_a, ontoclasm_vaults_shuriken,
          ontoclasm_vaults_gateway, ontoclasm_vaults_ring_square,
          layout_vaults_big_room, serial_shops, nicolae_shop_hallway_plus
Vaults:2: ontoclasm_vaults_ring_small, hangedman_vaults_corner_blocks,
          hangedman_vaults_locks, hangedman_vaults_corner,
          nicolae_vaults_arrows, vaults_standard_mumra_x, v_pattern_2,
          vaults_dpeg_diagonal, vaults_room_door_ring, vaults_dpeg_ring,
          layout_vaults_big_cross

Skill      XL: |  1  2  3  4  5  6  7  8  9 10 11 12 13 14 15 16 17 18 19 20 |
---------------+-------------------------------------------------------------+-----
Fighting       | 1 2 3 4 6 9 11 12 13 | 13.4
Stealth        | 2 4 5 6 |  6.6
Dodging        | 2 3 4 5 8 9 |  9.0
Spellcasting   | 3 4 5 7 8 9 10 11 | 11.3
Conjurations   | 5 6 7 8 9 10 11 12 13 14 15 16 | 16.7
Hexes          | 1 2 3 6 7 8 |  8.4
Evocations     | 3 4 5 6 8 9 10 11 12 13 | 13.0
Translocations | 5 6 7 9 |  9.0
Transmutations | 7 9 11 | 11.6
Earth Magic    | 9 11 12 | 12.1
Shields        | 6 |  6.0
Summonings     | 9 10 12 | 12.8
Air Magic      | 6 11 13 | 13.0
Crossbows      | 2 |  2.1
Unarmed Combat | |  0.2

Action                   |  1- 3 |  4- 6 |  7- 9 | 10-12 | 13-15 | 16-18 | 19-21 || total
-------------------------+-------+-------+-------+-------+-------+-------+-------++-------
Melee: Mace              |    27 |     8 |       |       |       |       |       ||    35
       Dagger            |       |    20 |    26 |       |       |       |       ||    46
       Tailslap          |       |     2 |     6 |     9 |    16 |    26 |    31 ||    90
       War axe           |       |       |     1 |     7 |       |       |       ||     8
       Punch             |       |       |     1 |     2 |       |     1 |       ||     4
       Scimitar          |       |       |       |    54 |    54 |       |       ||   108
       Staff             |       |       |       |       |    46 |   144 |   165 ||   355
 Cast: Magic Dart        |    35 |    20 |    15 |    24 |   102 |    92 |    11 ||   299
       Searing Ray       |     8 |    25 |    26 |    62 |   196 |    85 |     8 ||   410
       Fulminant Prism   |       |       |    10 |    79 |   161 |   139 |    47 ||   436
       Dazzling Flash    |       |       |     1 |       |     4 |     3 |       ||     8
       Iskenderun's Batt |       |       |       |    33 |   144 |    91 |       ||   268
       Iskenderun's Myst |       |       |       |       |    17 |    10 |     8 ||    35
       Irradiate         |       |       |       |       |     4 |    27 |    34 ||    65
       Iron Shot         |       |       |       |       |    19 |   281 |   199 ||   499
       Conjure Ball Ligh |       |       |       |       |       |     7 |    38 ||    45
       Spellforged Servi |       |       |       |       |       |     7 |    33 ||    40
Invok: Curse Item        |       |       |     1 |     4 |     4 |     3 |     1 ||    13
       Shatter the Chain |       |       |       |       |     3 |     1 |       ||     4
 Abil: Breathe Steam     |       |       |    50 |    93 |    81 |    81 |    30 ||   335
Evoke: Wand              |       |       |       |       |    11 |     2 |     2 ||    15
  Use: Scroll            |       |     3 |     7 |     1 |     2 |     5 |     3 ||    21
       Potion            |       |       |       |       |     2 |     2 |     2 ||     6
 Stab: Sleeping          |     1 |     1 |     2 |     3 |     3 |     4 |     1 ||    15
       Invisible         |       |       |       |       |     1 |     1 |       ||     2
       Paralysed         |       |       |       |       |     4 |     2 |       ||     6
       Distracted        |       |       |       |       |       |       |     3 ||     3
Armor: Skin              |    12 |    35 |    32 |    65 |   103 |    94 |    73 ||   414
Dodge: Dodged            |    23 |    69 |    39 |   120 |   250 |   289 |   178 ||   968
Block: Buckler           |       |       |       |       |       |   110 |   155 ||   265
       Reflection        |       |       |       |       |       |    32 |    39 ||    71
